 Dungeon Crawl Stone Soup version 0.20.0-15-g7f486f2 (webtiles) character file.

42975 Lavandula the Eclecticist (level 13, -10/76 HPs)
             Began as a Deep Elf Ice Elementalist on June 10, 2017.
             Was a High Priest of Vehumet.
             Mangled by an orc warlord
             ... wielding a +3 great sword of holy wrath
              (18 damage)
             ... on level 2 of the Orcish Mines.
             The game lasted 01:59:12 (33228 turns).

Lavandula the Eclecticist (DEIE)                   Turns: 33228, Time: 01:59:12

Health: -10/76     AC: 19    Str:  6      XL:     13   Next: 88%
Magic:  10/34      EV: 20    Int: 27 (28) God:    Vehumet [*****.]
Gold:   623        SH:  8    Dex: 14 (15) Spells: 5/42 levels left

rFire    + . .     SeeInvis .   X - +5 demon trident
rCold    + . .     Gourm    .   B - +3 warlock's mirror {reflect}
rNeg     . . .     Faith    .   d - +0 robe {rC+ rF+}
rPois    .         Spirit   .   w - +2 helmet
rElec    .         Reflect  +   N - +1 cloak of the Ageless Continents {Dex+2}
rCorr    .         Harm     .   (no gloves)
MR       +++..                  a - +2 pair of boots
Stlth    +++.......             (no amulet)
Regen    0.0/turn               i - ring of the Mage {Wiz MR++ Int+3}
MPRegen  0.3/turn               k - -2 ring of strength (curse)

@: icy armour, deflect missiles, slow
A: clumsy 1, deformed body, deterioration 1, inhibited regeneration, strong 1,
wild magic 1
a: Renounce Religion


You were on level 2 of the Orcish Mines.
You worshipped Vehumet.
Vehumet was extremely pleased with you.
You were not hungry.

You visited 4 branches of the dungeon, and saw 20 of its levels.
You also visited: Labyrinth and Ice Cave.

You collected 1791 gold pieces.
You spent 1168 gold pieces at shops.

Inventory:

Hand Weapons
 X - a +5 demon trident (weapon)
Missiles
 O - 2 throwing nets (quivered)
 Q - 12 javelins
Armour
 a - a +2 pair of boots (worn)
 d - a +0 robe of resistance (worn)
 g - a +0 leather armour of fire resistance
 w - a +2 helmet (worn)
 B - the +3 warlock's mirror (worn) {reflect}
   (You found it in an ice cave)
 N - the +1 cloak of the Ageless Continents (worn) {Dex+2}
   (You bought it in a shop on level 9 of the Dungeon)

   It affects your dexterity (+2).
Magical Staves
 E - an uncursed staff of earth
Jewellery
 i - the ring of the Mage (left hand) {Wiz MR++ Int+3}
   (You found it on level 2 of the Lair of Beasts)

   [ring of wizardry]

   It improves your spell success rate.
   It affects your intelligence (+3).
   It affects your resistance to hostile enchantments.
 k - a cursed -2 ring of strength (right hand)
 n - an uncursed ring of resist corrosion
 y - an uncursed ring of poison resistance
Wands
 s - a wand of paralysis (14/24)
 H - a wand of clouds (4/9)
 M - a wand of digging (0/24)
 W - a wand of iceblast (6/15)
Scrolls
 C - 2 scrolls of blinking
Potions
 e - a potion of curing {unknown}
 m - 2 potions of might
 A - 3 potions of heal wounds
Books
 b - a book of Necromancy

   Spells                             Type                      Level
   a - Pain                           Necromancy                   1
   b - Animate Skeleton               Necromancy                   1
   c - Vampiric Draining              Necromancy                   3
   d - Regeneration                   Charms/Necromancy            3
   e - Animate Dead                   Necromancy                   4
   f - Control Undead                 Necromancy                   4
Comestibles
 c - 7 bread rations
 p - 20 fruits


   Skills:
 - Level 6.6 Fighting
 + Level 12.4 Dodging
 - Level 6.3 Stealth
 - Level 5.0 Shields
 - Level 15.0 Spellcasting
 - Level 9.8 Conjurations
 - Level 5.4 Charms
 - Level 3.7 Summonings
 - Level 10.2 Ice Magic
 - Level 4.2 Air Magic
 - Level 5.6 Evocations


You had 5 spell levels left.
You knew the following spells:

 Your Spells              Type           Power        Failure   Level  Hunger
a - Freeze                Ice            ####         1%          1    None
b - Throw Frost           Conj/Ice       ######       1%          2    None
c - Ozocubu's Armour      Chrm/Ice       ######..     1%          3    None
d - Throw Icicle          Conj/Ice       #######.     1%          4    None
e - Summon Ice Beast      Ice/Summ       ######..     1%          4    None
f - Dazzling Spray        Conj/Hex       ######       1%          3    None
g - Apportation           Tloc           ####..       1%          1    None
h - Deflect Missiles      Chrm/Air       ######....   26%         6    ####...
i - Summon Lightning Spi  Summ/Air       ######..     3%          4    None
j - Iskenderun's Battles  Conj/Chrm      ######..     1%          5    None
k - Regeneration          Chrm/Necr      #####.....   1%          3    None
l - Animate Skeleton      Necr           N/A          1%          1    None


Dungeon Overview and Level Annotations

Branches:
Dungeon (11/15)            Temple (1/1) D:6            Lair (6/6) D:10
 Shoals (0/4) Lair:2        Snake (0/4) Lair:3        Slime (0/5) Lair:6
    Orc (2/2) D:9             Elf (0/3) Orc:2

Altars:
Ashenzari
Cheibriados
Dithmenos
Elyvilon
Fedhas
Gozag
Hepliaklqana
Kikubaaqudgha
Makhleb
Nemelex Xobeh
Okawaru
Qazlal
Ru
Sif Muna
Trog
Uskayaw
Vehumet
Xom
Yredelemnul
Zin
The Shining One

Shops:
D:3 *   D:4 !(%*   D:5 *   D:9 *(([*   Orc:1 [[*[(

Portals:
Trove: D:10 (give leather armour "Zucitz")

Annotations:
D:3 Sigmund; loom's ghost, amateur OgMo
D:10 Naow's ghost, novice DEEE
Lair:1 exclusion: oklob plant
Lair:5 exclusion: oklob plant


Innate Abilities, Weirdness & Mutations

You are clumsy. (Dex -2)
Armour fits poorly on your strangely shaped body.
Your body sometimes deteriorates upon taking damage.
You do not regenerate when monsters are visible.
Your muscles are strong. (Str +2)
Your spells are a little harder to cast, but a little more powerful.


Message History

Your body deteriorates!
You feel dopey.
Your ice beast hits the orc warlord.
Your ice beast freezes the orc warlord!!
Your ice beast hits the orc warlord but does no damage.
Your ice beast completely misses the orc warlord.
Press: ? - help, v - describe, . - travel
Here: an orc knight, wielding a great sword and wearing a chain mail (heavily wounded, unusually strong)
The floor, spattered with blood.
Evoke which item? (* to show all) (? for menu, Esc to quit)
Okay, then.
Okay, then.
Your ice beast hits the orc warlord.
Your ice beast freezes the orc warlord!
The orc warlord no longer looks unusually strong.
The orc knight roars a battlecry!
The orc warlord goes into a battle-frenzy!
Things that are here:
a halberd; a plate armour; an orc corpse Unknown command.
The orc warlord hits you with a great sword of holy wrath!!
You die...

.....[.......# ###8...8### #.
......(......# ##.#.....#.## #o
...#.[[......####..#....o#..####o
......)......#...................
.........)#..)...................
......#......))..................
.....................[...........
...........)..Y................##
.[............oo@........).....##
...............)................#
.##.#..........#.#..............#
.#####...#.#.###............#..##
..# ##.#...###........##.##....#
.## ####.## ##.##..#.#.####....
## ### ###........# ##...
##.##...## ##.. ####...# ##.


You could see an orc warlord, an orc knight and a friendly ice beast.

Vanquished Creatures
  Josephine (Orc:1)
  A minotaur (Lab)
  A hydra (Lair:6)
  An orc high priest (Orc:2)
  Nergalle (Orc:1)
  5 orc knights
  6 orc sorcerers
  3 elephants (Lair:6)
  A black mamba (Lair:5)
  A guardian serpent (Lair:3)
  8 spiny frogs
  An ice statue (IceCv)
  7 komodo dragons
  An ice devil (Lair:3)
  The ghost of loom the Ruffian, an amateur TrMo (D:4)
  4 trolls (Orc:2)
  11 polar bears
  A hornet (D:8)
  4 blink frogs (Lair:6)
  8 hippogriffs
  15 yaks
  3 wraiths
  4 basilisks
  A hungry ghost (D:10)
  4 wargs
  9 water moccasins
  5 porcupines
  24 orc warriors
  An ice beast (D:9)
  2 sky beasts
  A black bear (Lair:4)
  8 ogres
  8 wolves (IceCv)
  2 centaurs
  A big kobold (D:11)
  8 crocodiles
  17 bullfrogs
  An earth elemental (Lab)
  4 scorpions
  A spriggan skeleton (Lab)
  A howler monkey (D:7)
  3 hounds
  A quasit (D:9)
  2 crimson imps
  2 jellies
  17 orc priests
  5 bullfrog zombies
  2 centaur skeletons
  27 orc wizards
  3 bullfrog skeletons
  An iguana (D:5)
  8 worker ants
  2 hound zombies (D:6)
  2 hound skeletons
  2 howler monkey zombies
  4 gnolls
  A howler monkey skeleton (D:7)
  9 adders
  2 shadow imps
  An ooze (D:7)
  3 adder skeletons
  2 leopard geckos
  78 orcs
  4 giant cockroaches
  5 goblins
  12 hobgoblins
  18 jackals
  6 quokkas
  3 ball pythons
  A ball python skeleton (D:8)
  7 bats
  5 frilled lizards
  A jackal skeleton (D:6)
  11 kobolds
  A leopard gecko zombie (D:7)
  11 rats
  A plant (Lair:6)
450 creatures vanquished.

Vanquished Creatures (collateral kills)
  Gastronok (D:10)
  2 hydras
  Erica (Lair:2)
  A two-headed ogre (D:8)
  A death yak (IceCv)
  The ghost of loom the Destroyer, a novice DrAE of Vehumet (D:8)
  Urug (Lair:5)
  An orc knight (Orc:1)
  Pikel (D:6)
  A cyclops (Orc:1)
  A manticore (Lair:2)
  Joseph (D:8)
  An elephant (Lair:6)
  2 spiny frogs
  A rime drake (IceCv)
  An ice devil (Lair:3)
  2 guardian mummies (D:10)
  3 trolls
  6 polar bears
  2 hippogriffs
  A redback (Lab)
  16 yaks
  A hungry ghost (D:10)
  3 basilisks
  A warg (Orc:2)
  2 water moccasins
  A hell hound (D:10)
  2 porcupines
  7 orc warriors
  A slave (D:6)
  A sky beast (D:7)
  3 ogres
  8 wolves (IceCv)
  A crocodile (Lair:3)
  Blork the orc (D:6)
  2 bullfrogs (Lair:5)
  3 killer bees (D:8)
  A howler monkey (D:7)
  A troll skeleton (Lab)
  A bullfrog zombie (D:10)
  3 orc wizards
  A centaur skeleton (Lab)
  An iguana (D:5)
  2 gnolls (D:5)
  A howler monkey skeleton (D:4)
  An adder (D:3)
  3 shadow imps
  An adder zombie (D:8)
  2 adder skeletons
  17 orcs
  A giant cockroach (D:7)
  2 quokkas
  2 kobolds (D:11)
  A quokka zombie (D:8)
  A fungus (Lair:6)
127 creatures vanquished.

Vanquished Creatures (others)
  An orc warrior (Orc:2)
  A slave (D:6)
  An orc wizard (D:6)
  An orc (Orc:2)
  2 jackals (D:6)
  A fungus (Lair:1)
  16 plants (Lair:5)
23 creatures vanquished.

Grand Total: 600 creatures vanquished

Notes
Turn   | Place    | Note
-------+----------+-------------------------------------------
     0 | D:1      | Lavandula the Deep Elf Ice Elementalist began the quest for the Orb.
     0 | D:1      | Reached XP level 1. HP: 10/10 MP: 6/6
   511 | D:1      | Reached XP level 2. HP: 12/15 MP: 5/8
   548 | D:1      | Learned a level 2 spell: Throw Frost
  1300 | D:2      | Reached XP level 3. HP: 13/19 MP: 1/9
  1469 | D:2      | Reached skill level 5 in Ice Magic
  1546 | D:2      | Learned a level 3 spell: Ozocubu's Armour
  1560 | D:2      | Found an ancient bone altar of Kikubaaqudgha.
  2365 | D:3      | Noticed Sigmund
  2403 | D:3      | Reached XP level 4. HP: 24/24 MP: 8/11
  2413 | D:3      | Reached skill level 4 in Spellcasting
  2567 | D:3      | Found Gozag's Platinum Reserve.
  2695 | D:4      | Reached skill level 5 in Spellcasting
  2695 | D:4      | Reached XP level 5. HP: 28/28 MP: 5/14
  2718 | D:4      | Learned a level 4 spell: Throw Icicle
  2723 | D:4      | Learned a level 4 spell: Summon Ice Beast
  2825 | D:4      | Found Ynguis's Assorted Antiques.
  2826 | D:4      | Noticed loom's ghost (amateur TrMo)
  3093 | D:4      | Found Kiewkilu's Food Emporium.
  3198 | D:4      | Bought a scroll labeled DISUCO LATZYMN for 25 gold pieces
  3198 | D:4      | Bought a fizzy purple potion for 22 gold pieces
  3368 | D:3      | Found an opulent altar of Gozag.
  3449 | D:3      | Noticed loom's ghost (amateur OgMo)
  3515 | D:4      | Reached XP level 6. HP: 31/32 MP: 0/15
  3751 | D:4      | Found Keotaff's Weapon Boutique.
  4339 | D:4      | Killed loom's ghost
  5173 | D:4      | Found Wozxapn's Distillery.
  5180 | D:4      | Bought a potion of degeneration for 11 gold pieces
  5219 | D:5      | Entered Level 5 of the Dungeon
  5261 | D:5      | Reached XP level 7. HP: 34/36 MP: 4/17
  5634 | D:5      | Found Neuf's Needful Niceties.
  5643 | D:5      | Bought a scroll of noise for 13 gold pieces
  6920 | D:6      | Noticed Pikel
  6963 | D:6      | Killed Pikel
  6963 | D:6      | Reached XP level 8. HP: 41/41 MP: 3/18
  7117 | D:6      | Noticed Blork the orc
  7134 | D:6      | Killed Blork the orc
  7145 | D:6      | Found a staircase to the Ecumenical Temple.
  7159 | Temple   | Entered the Ecumenical Temple
  8127 | D:6      | Reached skill level 1 in Fighting
  8912 | D:7      | Noticed a hippogriff
  8920 | D:7      | Killed a hippogriff
  9189 | D:7      | Reached skill level 6 in Spellcasting
  9712 | D:8      | Reached skill level 7 in Spellcasting
  9807 | D:8      | Noticed a hippogriff
  9813 | D:8      | Killed a hippogriff
  9813 | D:8      | Reached XP level 9. HP: 49/49 MP: 0/22
  9957 | D:8      | Noticed Joseph
  9982 | D:8      | Killed Joseph
  9982 | D:8      | Reached skill level 8 in Spellcasting
 10089 | D:8      | Noticed a two-headed ogre
 10101 | D:8      | Killed a two-headed ogre
 10101 | D:8      | Reached skill level 9 in Spellcasting
 10113 | D:8      | Noticed loom's ghost (novice DrAE)
 10135 | D:8      | Killed loom's ghost
 10423 | D:8      | Reached skill level 10 in Ice Magic
 10549 | D:8      | Found a shattered altar of Ashenzari.
 10549 | D:8      | Found a radiant altar of Vehumet.
 10550 | D:8      | Found a snail-covered altar of Cheibriados.
 10557 | D:8      | Became a worshipper of Vehumet
 10848 | D:9      | Noticed a troll
 10864 | D:9      | Found a staircase to the Orcish Mines.
 10865 | D:9      | Killed a troll
 10865 | D:9      | Reached skill level 5 in Stealth
 10870 | D:9      | Found Jepecwea's Weapon Shoppe.
 11227 | D:9      | Found Yguisek's General Store.
 11234 | D:9      | Bought a scroll of blinking for 105 gold pieces
 11268 | D:9      | Found Qojiall's Antique Weapon Emporium.
 11413 | D:9      | Found Dimpoll's General Store.
 11432 | D:9      | Reached skill level 5 in Dodging
 11432 | D:9      | Reached XP level 10. HP: 54/54 MP: 16/25
 11435 | D:9      | Gained mutation: Armour fits poorly on your strangely shaped body. [mutagenic meat]
 11533 | D:9      | Found Kofinut's Antique Armour Shoppe.
 11543 | D:9      | Bought a scorched cloak for 256 gold pieces
 11570 | D:9      | Identified the +1 cloak of the Ageless Continents {Dex+2} (You bought it in a shop on level 9 of the Dungeon)
 11885 | D:9      | Found a glowing silver altar of Zin.
 11903 | D:9      | Found a shadowy altar of Dithmenos.
 12264 | D:10     | Entered Level 10 of the Dungeon
 12277 | D:10     | Reached * piety under Vehumet
 12277 | D:10     | Offered knowledge of Flame Tongue by Vehumet.
 12670 | D:10     | Reached skill level 5 in Conjurations
 12696 | D:10     | Noticed a death knight
 13618 | D:10     | Noticed Gastronok
 13636 | D:10     | Killed Gastronok
 13822 | D:10     | Noticed Naow's ghost (novice DEEE)
 13997 | D:11     | Noticed a gargoyle
 14007 | D:11     | Noticed a two-headed ogre
 14571 | D:10     | Found a portal to a secret trove of treasure.
 14633 | D:10     | Found a staircase to the Lair.
 14657 | D:10     | Offered knowledge of Magic Dart by Vehumet.
 14660 | D:10     | Gained mutation: Your muscles are strong. (Str +2) [mutagenic meat]
 14661 | D:10     | Gained mutation: You do not regenerate when monsters are visible. [mutagenic meat]
 14662 | D:10     | Gained mutation: Your body sometimes deteriorates upon taking damage. [mutagenic meat]
 14663 | D:10     | Gained mutation: You are clumsy. (Dex -2) [mutagenic meat]
 14665 | D:10     | Gained mutation: Your spells are a little harder to cast, but a little more powerful. [mutagenic meat]
 14687 | Lair:1   | Entered Level 1 of the Lair of Beasts
 14713 | Lair:1   | Noticed a spiny frog
 14724 | Lair:1   | Killed a spiny frog
 14724 | Lair:1   | Reached ** piety under Vehumet
 15374 | Lair:1   | Noticed an oklob plant
 15785 | Lair:1   | Noticed a spiny frog
 15789 | Lair:1   | Killed a spiny frog
 15916 | Lair:1   | Reached XP level 11. HP: 60/60 MP: 11/26
 16154 | Lair:1   | Found an iron altar of Okawaru.
 16564 | Lair:2   | Found a staircase to the Shoals.
 16565 | Lair:2   | Noticed Erica
 16912 | Lair:2   | Reached skill level 5 in Fighting
 16959 | Lair:2   | Reached skill level 10 in Spellcasting
 17252 | Lair:2   | Reached skill level 11 in Spellcasting
 17364 | Lair:2   | Killed Erica
 17630 | Lair:3   | Found a staircase to the Snake Pit.
 17652 | Lair:3   | Reached skill level 12 in Spellcasting
 17802 | Lair:3   | Noticed an eight-headed hydra
 17826 | Lair:3   | Killed an eight-headed hydra
 17976 | Lair:3   | Offered knowledge of Dazzling Spray by Vehumet.
 17981 | Lair:3   | Learned a level 3 spell: Dazzling Spray
 17991 | Lair:3   | Reached skill level 13 in Spellcasting
 18105 | Lair:3   | Found a frozen archway.
 18241 | IceCv    | Entered an ice cave
 18726 | IceCv    | Reached *** piety under Vehumet
 19289 | IceCv    | Reached XP level 12. HP: 68/68 MP: 21/31
 19916 | IceCv    | Reached skill level 10 in Dodging
 21186 | IceCv    | Noticed a death yak
 21587 | IceCv    | Killed a death yak
 21825 | IceCv    | Noticed a frost giant
 22016 | IceCv    | Offered knowledge of Force Lance by Vehumet.
 22536 | Lair:3   | Reached skill level 1 in Shields
 22898 | Lair:4   | Noticed a six-headed hydra
 22905 | Lair:4   | Killed a six-headed hydra
 23998 | Lair:5   | Found an opulent altar of Gozag.
 24012 | Lair:5   | Noticed Urug
 24041 | Lair:5   | Killed Urug
 24555 | Lair:5   | Reached skill level 5 in Shields
 24690 | Lair:5   | Reached skill level 1 in Evocations
 24838 | Lair:6   | Entered Level 6 of the Lair of Beasts
 24984 | Lair:6   | Found a labyrinth entrance.
 24992 | Lab      | Entered a labyrinth
 25702 | Lab      | Noticed a minotaur
 25706 | Lab      | Killed a minotaur
 25716 | Lab      | Learned a level 1 spell: Apportation
 25723 | Lab      | Learned a level 6 spell: Deflect Missiles
 25728 | Lab      | Learned a level 4 spell: Summon Lightning Spire
 25872 | Lair:6   | Reached skill level 5 in Evocations
 25991 | Lair:6   | Reached **** piety under Vehumet
 26051 | Lair:6   | Found a staircase to the Slime Pits.
 26088 | Lair:6   | Reached XP level 13. HP: 72/72 MP: 17/32
 26390 | Lair:6   | Offered knowledge of Iskenderun's Battlesphere by Vehumet.
 26399 | Lair:6   | Learned a level 5 spell: Iskenderun's Battlesphere
 27432 | D:5      | Bought a book of Necromancy for 390 gold pieces
 27436 | D:5      | Learned a level 3 spell: Regeneration
 27438 | D:5      | Learned a level 1 spell: Animate Skeleton
 27499 | Orc:1    | Entered Level 1 of the Orcish Mines
 27500 | Orc:1    | Found Sorhalie's Antique Armour Emporium.
 27513 | Orc:1    | Bought a glowing robe for 99 gold pieces
 27597 | Orc:1    | Reached skill level 1 in Charms
 27867 | Orc:1    | Noticed Josephine
 27871 | Orc:1    | Killed Josephine
 28544 | Orc:1    | Found Mynkahu's Antique Armour Shop.
 28605 | Orc:1    | Bought a pair of runed boots for 247 gold pieces
 28657 | Orc:1    | Reached skill level 5 in Charms
 28980 | Orc:1    | Reached skill level 1 in Air Magic
 29065 | Orc:1    | Found Zinyh's Armour Shoppe.
 29078 | Orc:1    | Noticed Nergalle
 29088 | Orc:1    | Reached ***** piety under Vehumet
 29153 | Orc:1    | Offered knowledge of Venom Bolt by Vehumet.
 29390 | Orc:1    | Killed Nergalle
 29568 | Orc:1    | Found Upogaris's Assorted Antiques.
 29889 | Orc:2    | Entered Level 2 of the Orcish Mines
 30007 | Orc:1    | Found Korchag's Antique Weapon Emporium.
 31126 | Orc:2    | Reached skill level 14 in Spellcasting
 31687 | Orc:2    | Found a staircase to the Elven Halls.
 32191 | Orc:2    | Reached skill level 15 in Spellcasting
 32226 | Orc:2    | Noticed an orc warlord
 32596 | D:9      | Offered knowledge of Bolt of Cold by Vehumet.
 33228 | Orc:2    | Mangled by an orc warlord

Skill      XL: |  1  2  3  4  5  6  7  8  9 10 11 12 13 |
---------------+----------------------------------------+-----
Ice Magic      | 4 5 8 9 10 | 10.2
Spellcasting   | 5 7 9 13 15 | 15.0
Conjurations   | 4 9 |  9.8
Summonings     | 3 |  3.7
Fighting       | 2 3 5 6 |  6.6
Dodging        | 4 5 6 9 11 12 | 12.4
Stealth        | 6 |  6.3
Shields        | 5 |  5.0
Evocations     | 5 |  5.6
Charms         | 5 |  5.4
Air Magic      | 4 |  4.2

Action                   |  1- 3 |  4- 6 |  7- 9 | 10-12 | 13-15 || total
-------------------------+-------+-------+-------+-------+-------++-------
Melee: Unarmed           |     1 |       |       |       |       ||     1
       Short sword       |     5 |       |       |       |       ||     5
       Flail             |       |       |    14 |    31 |       ||    45
       Demon trident     |       |       |       |    33 |    44 ||    77
 Cast: Freeze            |    41 |    27 |    65 |    90 |    20 ||   243
       Throw Frost       |    31 |    54 |    89 |    73 |    91 ||   338
       Summon Ice Beast  |       |     5 |    57 |   167 |    63 ||   292
       Throw Icicle      |       |     2 |    33 |   228 |   181 ||   444
       Dazzling Spray    |       |       |       |     1 |     3 ||     4
       Ozocubu's Armour  |       |       |       |       |    16 ||    16
       Regeneration      |       |       |       |       |     7 ||     7
       Iskenderun's Batt |       |       |       |       |     7 ||     7
       Animate Skeleton  |       |       |       |       |     5 ||     5
       Deflect Missiles  |       |       |       |       |     2 ||     2
       Summon Lightning  |       |       |       |       |     1 ||     1
Evoke: Wand              |       |     3 |     3 |     5 |     1 ||    12
 Stab: Sleeping          |     2 |       |     1 |     1 |       ||     4
       Distracted        |       |       |       |     3 |       ||     3
  Eat: Chunk             |     5 |     6 |    22 |    39 |    18 ||    90
       Meat ration       |       |     1 |       |     2 |       ||     3
       Royal jelly       |       |       |     2 |     1 |       ||     3
       Bread ration      |       |       |       |     1 |       ||     1
       Fruit             |       |       |       |     1 |     2 ||     3
Armor: Robe              |     5 |     1 |    17 |    22 |    33 ||    78
Dodge: Dodged            |    20 |    16 |    46 |   115 |   113 ||   310
       Deflected         |       |       |       |       |     5 ||     5
Block: Buckler           |       |       |       |    11 |    45 ||    56
       Reflection        |       |       |       |     1 |     3 ||     4
